 Dungeon Crawl Stone Soup version 0.26-a0-812-g31a745ddcd (webtiles) character file.

Game seed: 3894911952920987470

51 Peloso the Skirmisher (level 3, 30/30 HPs)
             Began as a Minotaur Fighter on Nov 13, 2020.
             Got out of the dungeon alive.
             The game lasted 00:01:50 (1040 turns).

Peloso the Skirmisher (Minotaur Fighter)            Turns: 1040, Time: 00:01:50

Health: 30/30      AC:  7    Str: 20    XL:     3   Next: 58%
Magic:  2/2        EV:  7    Int:  5    God:
Gold:   98         SH:  9    Dex: 10    Spells: 2/2 levels left

rFire    . . .     SeeInvis .   a - +0 long sword
rCold    . . .     Faith    .   c - +0 kite shield
rNeg     . . .     Spirit   .   b - +0 scale mail
rPois    .         Reflect  .   (helmet restricted)
rElec    .         Harm     .   (no cloak)
rCorr    .         Rampage  .   (no gloves)
MR       .....                  (no boots)
Stlth    ..........             (no amulet)
HPRegen  0.10/turn              (no ring)
MPRegen  0.08/turn              (no ring)

@: no status effects
A: retaliatory headbutt, horns 2, talons 1, frail 1, wild magic 1, evolution 1
a: no special abilities


You escaped.
You visited 1 branch of the dungeon, and saw 2 of its levels.

You collected 98 gold pieces.

Inventory:

Hand Weapons
 a - a +0 long sword (weapon)
Armour
 b - a +0 scale mail (worn)
 c - a +0 kite shield (worn)
Scrolls
 e - 2 scrolls of magic mapping {unknown}
 g - 2 scrolls of identify {unknown}
 h - 2 scrolls of remove curse {unknown}
 i - a scroll of blinking {unknown}
 k - a scroll of fog {unknown}
 l - 2 scrolls of random uselessness {unknown}
 m - a scroll of teleportation {unknown}
Potions
 d - a potion of might
 n - a potion of haste {unknown}


   Skills:
 + Level 4.5 Fighting
 + Level 2.6 Long Blades
 + Level 4.2 Armour
 + Level 0.2 Dodging
 + Level 4.1 Shields


You had 2 spell levels left.
You didn't know any spells.
Your spell library was empty.

Dungeon Overview and Level Annotations

Branches:
Dungeon (2/15)

Altars:


Innate Abilities, Weirdness & Mutations

You reflexively headbutt those who attack you in melee.
You have a pair of horns on your head.
You have sharp toenails.
You are frail. (-10% HP)
Your spells are a little harder to cast, but a little more powerful.
You evolve.


Message History

You feel resistant to hostile enchantments.
Really quaff the potion of mutation?
You feel extremely strange.
You feel less resistant to hostile enchantments.
Your body's shape seems more normal.
You feel frail.
You feel less in control of your magic.
You feel nature experimenting on you.
Don't worry, failures die fast.
Your toenails lengthen and sharpen.
(D) Dungeon
Where to? (Enter - D:12, ? - help)
What level of the Dungeon? (default 1, ? - help)
There is an open door, spattered with blood here.
You see here an adder corpse.
There is a stone staircase leading up here.
You climb upwards.
There is a stone staircase leading down here.
There is an open door here.
There is a staircase leading out of the dungeon here.
Are you sure you want to leave the Dungeon?
This will make you lose the game!
You have escaped!

##### ######.@.###### ######
###.............###
.#.#.###.................###
...#.#.'.................+.######
.#.....#.................#.......
.#.#.#####..........)..###.######
.#.#.# ###.........### #.# #...
(#.#.# ###.....### #.# #.##
.#.#.# ###.........### #.# #.#


There were no monsters in sight!

Vanquished Creatures
  2 adders (D:2)
  A dart slug (D:1)
  3 bats (D:1)
  A giant cockroach (D:1)
  4 goblins (D:1)
  5 hobgoblins (D:1)
  3 jackals (D:1)
  6 kobolds
  3 rats
28 creatures vanquished.

Notes
Turn   | Place    | Note
-------+----------+-------------------------------------------
     0 | D:1      | Peloso the Minotaur Fighter began the quest for the Orb.
     0 | D:1      | Reached XP level 1. HP: 19/19 MP: 0/0
   132 | D:1      | Reached XP level 2. HP: 16/27 MP: 1/1
   522 | D:1      | Reached XP level 3. HP: 32/33 MP: 2/2
  1002 | D:2      | Gained mutation: Armour fits poorly on your strangely
                  | shaped body. [potion of mutation]
  1002 | D:2      | Gained mutation: You are resistant to hostile enchantments.
                  | (MR+) [potion of mutation]
  1003 | D:2      | Lost mutation: You are resistant to hostile enchantments.
                  | (MR+) [potion of mutation]
  1003 | D:2      | Lost mutation: Armour fits poorly on your strangely shaped
                  | body. [potion of mutation]
  1003 | D:2      | Gained mutation: You are frail. (-10% HP) [potion of
                  | mutation]
  1003 | D:2      | Gained mutation: Your spells are a little harder to cast,
                  | but a little more powerful. [potion of mutation]
  1003 | D:2      | Gained mutation: You evolve. [potion of mutation]
  1003 | D:2      | Gained mutation: You have sharp toenails. [potion of
                  | mutation]
  1040 | D:$      | Got out of the dungeon alive.

Illustrated notes

Levels and vault maps discovered:
D:1:      nzn_arrival_depleted_hourglass, layout_basic
D:2:      kennysheep_the_goblin_king, layout_basic, lemuel_crystal_altar,
          chequers_serial_rivers_marsh, uniq_terence

Skill      XL: |  1  2 |
---------------+-------+-----
Fighting       | 4 |  4.5
Armour         | 4 |  4.2
Shields        | 4 |  4.1
Long Blades    | |  2.6
Dodging        | |  0.2

Action                   || total
-------------------------++-------
Melee: Long sword        ||    54
       Headbutt          ||     7
  Use: Potion            ||     3
Armor: Scale mail        ||    25
Dodge: Dodged            ||    22
Block: Kite shield       ||    34
       Rpst.: Long sword ||     4

Table legend: (Time is in decaauts)
 A = Elapsed time spent in this place.
 B = Non-inter-level travel time spent in this place.
 C = Inter-level travel time spent in this place.
 D = Time resting spent in this place.
 E = Time spent auto-exploring this place.
 F = Levels seen in this place.
 G = Mean time per level.
                   A        B        C        D        E       F      G
               +--------+--------+--------+--------+--------+-----+--------+
         Total |   1059 |    991 |     68 |      0 |    799 |   2 |  529.5 |
       Dungeon |   1059 |    991 |     68 |      0 |    799 |   2 |  529.5 |
               +--------+--------+--------+--------+--------+-----+--------+

Top non-repeatable levels by time:
     D:1: 891 daAuts
     D:2: 168 daAuts
